 Dungeon Crawl Stone Soup version 0.29.1-1-gd02db6906a (webtiles) character file.

Game seed: 5702001047860295297

71 Sanktem7 the Chopper (level 4, 0/41 HPs)
             Began as a Minotaur Berserker on Sept 25, 2022.
             Was a Believer of Trog.
             Slain by Sigmund
             ... wielding a +0 scythe
              (4 damage)
             ... on level 2 of the Dungeon.
             The game lasted 00:05:06 (1510 turns).

Sanktem7 the Chopper (Minotaur Berserker)           Turns: 1510, Time: 00:05:07

Health: 0/41       AC:  5    Str: 24    XL:     4   Next: 5%
Magic:  3/3        EV: 11    Int:  4    God:    Trog [**....]
Gold:   47         SH:  0    Dex:  9    Spells: 3/3 levels left

rFire   . . .      SeeInvis .   a - +0 hand axe {axe}
rCold   . . .      Faith    .   (no shield)
rNeg    . . .      Spirit   .   e - +0 ring mail
rPois   .          Reflect  .   (helmet restricted)
rElec   .          Harm     .   (no cloak)
rCorr   .          Rampage  .   (no gloves)
Will    .....                   (no boots)
Stlth   ..........              (no amulet)
HPRegen 0.13/turn               (no ring)
MPRegen 0.08/turn               (no ring)

@: no status effects
A: horns 2, retaliatory headbutt
a: Renounce Religion, Berserk, Trog's Hand


You were on level 2 of the Dungeon.
You worshipped Trog.
Trog was pleased with you.
You visited 1 branch of the dungeon, and saw 2 of its levels.

You collected 47 gold pieces.


Innate Abilities, Weirdness & Mutations

You have a pair of horns on your head.
You reflexively headbutt those who attack you in melee.


   Skills:
 * Level 4.4 Fighting
 * Level 4.5 Axes
 + Level 3.1 Armour
 + Level 2.7 Dodging


You had 3 spell levels left.
You didn't know any spells.
Your spell library contained the following spells:

 Spells                   Type           Power      Damage    Failure   Level
 Animate Dead             Necr           0%         N/A       100%        4
 Haunt                    Necr/Summ      0%         N/A       100%        7
 Infestation              Necr           0%         N/A       100%        8

Inventory:

Hand Weapons
 a - a +0 hand axe (weapon) {axe}
Missiles
 d - 2 stones (quivered) {throwing}
Armour
 e - a +0 ring mail (worn)
   (You found it on level 1 of the Dungeon)
 k - a +0 ring mail
   (You found it on level 2 of the Dungeon)
 l - a +0 chain mail
   (You found it on level 2 of the Dungeon)
Jewellery
 m - an amulet of the acrobat
   (You found it on level 2 of the Dungeon)
Wands
 b - a wand of polymorph (3)
   (You found it on level 2 of the Dungeon)
Scrolls
 c - a scroll of poison {unknown}
 f - a scroll of identify {unknown}
 g - 2 scrolls of teleportation {unknown}
 i - a scroll of butterflies {unknown}
Potions
 h - 2 potions of curing {unknown}
 j - a potion of lignification {unknown}

Dungeon Overview and Level Annotations

Branches:
Dungeon (2/15) Zot: 10481

Altars:

Annotations:
D:2 Sigmund

#. #.# #.# #. # #.# #..
##.#.## #.# ### #...#.#
#.### # #....# #.#.##### ##
#....# #.......# ##.
##...?## ###.....#.###..
####.....{###.#.#...#..##...
+..........@.....###....+...
####......######..#..#.##...
##....## #.#..##.###..
##.### #.......# ##. #.
###.##### ## #.
#####.######### #>
#............# #.
#.###..#.###.# .. #.#
#......#.##


There were no monsters in sight!


Message History

Trog accepts your kill.
You hit the adder but do no damage. The adder bites you but does no damage.
The adder bites you. 😕 HP[-3]
You take 3 damage, and now have 31/34 hp.
You closely miss the adder. You headbutt the adder!
You kill the adder!
Trog accepts your kill. 😕 HP[+1] No target in view!
No target in view!
No target in view!
No target in view!
No target in view!
No target in view!
No target in view!
No target in view!
No target in view!
No target in view!
No target in view!
No target in view!
No target in view!
No target in view!
No target in view!
No target in view!
No target in view!
No target in view!
No target in view!
No target in view!
No target in view!
No target in view!
You see here an adder corpse.
As you open the door, it creaks loudly! 😎 HP[+2]
Your hp is fully restored (34).
There is an open door here.
There is a shaft here.
m - an amulet of the acrobat You now have 47 gold pieces (gained 17).
An adder comes into view.
Found a stone staircase leading down.
The adder hisses angrily.
You hit the adder. Your headbutt misses the adder. The adder barely misses you.
You closely miss the adder. Your headbutt misses the adder.
The adder misses you. The adder bites you but does no damage.
You slash the adder!
You kill the adder!
Trog accepts your kill.
You have reached level 4!
You feel stronger. 😎 HP[+7] MP[+1]
You now have 41 max hp (+7).
Your hp is fully restored (41).
Your mp is fully restored (3).
Sigmund the Dreaded comes into view.
He is wielding a +0 scythe and carrying a wand of digging (6).
Sigmund shouts!
Sigmund casts a spell.
Sigmund flickers and vanishes!
Deactivating autopickup; reactivate with Ctrl-A.
You see here a scroll labelled YNEZXE WOR EN CAWU.
Unknown command.
Unknown command.
You hear a zap.
You hear a grinding noise.
You see here a scroll labelled YNEZXE WOR EN CAWU.
You hear some strange, mumbled words.
You are confused.
Something hits you.
You see here a scroll labelled YNEZXE WOR EN CAWU. 😕 HP[-6]
You take 6 damage, and now have 35/41 hp. 😕 HP[+1]
You bump into the rock wall.
You feel less confused. Something hits you. 😕 HP[-3]
You take 3 damage, and now have 33/41 hp.
Something hits you. 😮 HP[-4]
You take 4 damage, and now have 29/41 hp.
Something hits you!
* * * LOW HITPOINT WARNING * * *
😨 HP[-9]
You take 9 damage, and now have 20/41 hp.
MASSIVE DAMAGE!! (PAUSE)
Something hits you!
* * * LOW HITPOINT WARNING * * *
😨 HP[-7]
You take 7 damage, and now have 13/41 hp.
Something hits you.
* * * LOW HITPOINT WARNING * * *
😱 HP[-6]
You take 6 damage, and now have 7/41 hp.
Something hits you.
* * * LOW HITPOINT WARNING * * *
😱 HP[-4]
You take 4 damage, and now have 3/41 hp.
Something hits you but does no damage.
Something hits you but does no damage. 😱 HP[+1]
Something hits you.
You die...

Skill      XL: |  1  2  3 |
---------------+----------+-----
Axes           | 4 |  4.5
Fighting       | 4 |  4.4
Armour         | 3 |  3.1
Dodging        | |  2.7

Action                   |  1- 3 |  4- 6 || total
-------------------------+-------+-------++-------
Melee: Hand axe          |    79 |       ||    79
       Headbutt          |     6 |       ||     6
Armor: Animal skin       |     8 |       ||     8
       Ring mail         |     7 |     2 ||     9
Dodge: Dodged            |    59 |       ||    59

Levels and vault maps discovered:
D:1:      wander_arrival_desolate, layout_basic, serial_curves, eino_curves_01,
          eino_curves_04, eino_curves_02, eino_curves_02,
          hellmonk_ecumenical_altar_defaced_shrine
D:2:      layout_loops_corners, serial_shops, shop, columned_hall_lemuel,
          uniq_sigmund

Notes
Turn   | Place    | Note
-------+----------+-------------------------------------------
     0 | D:1      | Sanktem7 the Minotaur Berserker began the quest for the
                  | Orb.
     0 | D:1      | Reached XP level 1. HP: 19/19 MP: 0/0
     0 | D:1      | magus.rc [v1.9.6]
   273 | D:1      | Reached XP level 2. HP: 11/27 MP: 1/1
   479 | D:1      | You pick up a book of Death {forbidden} and begin
                  | reading...
   479 | D:1      | You add the spells Animate Dead, Haunt and Infestation to
                  | your library.
   497 | D:1      | Reached skill level 4 in Axes
   513 | D:1      | Found a faded altar of an unknown god.
   599 | D:1      | Reached skill level 4 in Fighting
   686 | D:1      | Reached XP level 3. HP: 25/33 MP: 2/2
   885 | D:1      | Reached ** piety under Trog
   963 | D:1      | Reached skill level 3 in Armour
  1482 | D:2      | Reached XP level 4. HP: 41/41 MP: 3/3
  1484 | D:2      | Noticed Sigmund
  1504 | D:2      | HP: 7/41 [something (6)]
  1505 | D:2      | HP: 3/41 [something (4)]
  1510 | D:2      | Slain by Sigmund

Vanquished Creatures
  3 adders (D:2)
  A dart slug (D:2)
  3 ball pythons
  7 endoplasms
  2 giant cockroaches (D:1)
  7 goblins
  A hobgoblin (D:1)
  3 quokkas (D:1)
  4 bats
  2 frilled lizards (D:1)
  3 kobolds (D:1)
  3 rats (D:1)
39 creatures vanquished.

Table legend:
 A = Non-vault XP
 B = Vault XP
 C = Vault XP percentage of total XP
 D = Non-vault monster count
 E = Vault monster count
 F = Vault count percentage of total count
                 A         B        C        D         E       F
            +---------+---------+-------+---------+---------+-------
      Total |      97 |       5 |   4.9 |      36 |       3 |   7.7
            +---------+---------+-------+---------+---------+-------
        D:1 |      47 |       5 |   9.6 |      28 |       3 |   9.7
        D:2 |      50 |       0 |   0.0 |       8 |       0 |   0.0
            +---------+---------+-------+---------+---------+-------

Illustrated notes

Table legend:
 A = Kills in this place as a percentage of kills in entire the game.
 B = Kills by you in this place as a percentage of kills by you in the entire game.
 C = Kills by friends in this place as a percentage of kills by friends in the entire game.
 D = Other kills in this place as a percentage of other kills in the entire game.
 E = Experience gained in this place as a percentage of experience gained in the entire game.
 F = Experience gained in this place divided by the number of levels of this place that you have seen.
                   A       B       C       D       E      F
               +-------+-------+-------+-------+-------+----------------------
         Total | 100.0 | 100.0 |   N/A |   N/A | 100.0 |  51.0
       Dungeon | 100.0 | 100.0 |   N/A |   N/A | 100.0 |  51.0
               +-------+-------+-------+-------+-------+----------------------

Table legend: (Time is in decaauts)
 A = Elapsed time spent in this place.
 B = Non-inter-level travel time spent in this place.
 C = Inter-level travel time spent in this place.
 D = Time resting spent in this place.
 E = Time spent auto-exploring this place.
 F = Levels seen in this place.
 G = Mean time per level.
                   A        B        C        D        E       F      G
               +--------+--------+--------+--------+--------+-----+--------+
         Total |   1517 |   1464 |     53 |      0 |   1249 |   2 |  758.5 |
       Dungeon |   1517 |   1464 |     53 |      0 |   1249 |   2 |  758.5 |
               +--------+--------+--------+--------+--------+-----+--------+

Top non-repeatable levels by time:
     D:1: 1058 daAuts
     D:2: 458 daAuts
